 Dungeon Crawl Stone Soup version 0.25-a0-71-ge910a4a285 (webtiles) character file.

Game seed: 9323944064476451166, levelgen mode: deterministic

2248 MrRokkomies the Covered (level 9, 0/103 HPs)
             Began as a Gnoll Wanderer on Nov 3, 2019.
             Was an Initiate of Gozag.
             Slain by a killer bee (5 damage)
             ... on level 9 of the Dungeon.
             The game lasted 00:20:35 (6256 turns).

MrRokkomies the Covered (Gnoll Wanderer)            Turns: 6256, Time: 00:20:36

Health: 0/103      AC:  8    Str: 24    XL:     9   Next: 37%
Magic:  16/16      EV: 18    Int: 15    God:    Gozag
Gold:   922        SH:  0    Dex: 18    Spells: 14/18 levels left

rFire    + . .     SeeInvis .   a - +0 lajatang
rCold    + . .     Gourm    .   (shield currently unavailable)
rNeg     . . .     Faith    .   l - +1 scale mail
rPois    +         Spirit   .   (no helmet)
rElec    +         Reflect  .   (no cloak)
rCorr    +         Harm     .   (no gloves)
MR       .....                  (no boots)
Stlth    ..........             v - amulet of rage
HPRegen  0.27/turn              (no ring)
MPRegen  0.15/turn              (no ring)

@: agile, berserking, resistant, gold aura, very slightly contaminated, very
quick
A: distributed training, fangs 1, strong nose
a: Potion Petition, Call Merchant, Bribe Branch, Renounce Religion, Evoke
Berserk Rage


You were on level 9 of the Dungeon.
You worshipped Gozag.
Gozag was pleased with you.
You were very hungry.

You visited 1 branch of the dungeon, and saw 9 of its levels.

You collected 922 gold pieces.

Inventory:

Hand Weapons
 a - a +0 lajatang (weapon)
 b - a +0 hand crossbow
Missiles
 d - 3 curare-tipped darts
 e - 55 bolts
 j - 17 poisoned darts (quivered)
Armour
 l - a +1 scale mail (worn)
Jewellery
 f - an uncursed amulet of magic regeneration
 k - an uncursed amulet of the gourmand
 v - an amulet of rage (around neck)
Wands
 p - a wand of flame (26)
Scrolls
 h - 3 scrolls of remove curse
 i - a scroll of immolation {unknown}
 o - 3 scrolls of enchant armour
 t - a scroll of amnesia
 u - a scroll of identify
Potions
 c - a potion of cancellation
 m - 2 potions of magic
 s - 2 potions of agility
Comestibles
 g - 10 rations


   Skills:
 + Level 6.2 Fighting
 + Level 4.1 Short Blades
 + Level 4.1 Long Blades
 + Level 4.1 Axes
 + Level 4.1 Maces & Flails
 + Level 4.1 Polearms
 + Level 4.1 Staves
 + Level 4.1 Slings
 + Level 4.1 Bows
 + Level 4.9 Crossbows
 + Level 4.9 Throwing
 + Level 6.2 Armour
 + Level 4.1 Dodging
 + Level 4.1 Stealth
 + Level 4.1 Shields
 + Level 4.1 Unarmed Combat
 + Level 5.0 Spellcasting
 + Level 3.3 Conjurations
 + Level 3.3 Hexes
 + Level 3.3 Charms
 + Level 3.3 Summonings
 + Level 3.3 Necromancy
 + Level 3.3 Translocations
 + Level 3.3 Transmutations
 + Level 4.0 Fire Magic
 + Level 3.3 Ice Magic
 + Level 3.3 Air Magic
 + Level 4.0 Earth Magic
 + Level 3.3 Poison Magic
 + Level 4.5 Invocations
 + Level 4.9 Evocations


You had 14 spell levels left.
You knew the following spells:

 Your Spells              Type           Power        Failure   Level  Hunger
a - Animate Skeleton      Necr           N/A          10%         1    None
b - Vampiric Draining     Necr           ##........   28%         3    ###....

Your spell library contained the following spells:

 Spells                   Type           Power        Failure   Level  Hunger
 Shock                    Conj/Air       ##..         10%         1    None
 Swiftness                Chrm/Air       ##......     14%         2    ##.....
 Static Discharge         Conj/Air       ##......     28%         3    ###....
 Airstrike                Air            ##........   67%         4    ####...
 Lightning Bolt           Conj/Air       ##........   95%         5    ######.


Dungeon Overview and Level Annotations

Branches:
Dungeon (8/15)             Temple (0/1) D:6
   Lair: D:8-11

Altars:
Cheibriados
Gozag
Hepliaklqana
Okawaru
Trog
Zin

Shops:
D:6 }=%=

Annotations:
D:5 3 runed translucent doors, ViolentOr's ghost, novice HaAs


Innate Abilities, Weirdness & Mutations

Your experience applies equally to all skills.
You have very sharp teeth.
Your uncanny sense of smell can sniff out nearby items.


Message History

The killer bee misses you.
You miss the killer bee.
The killer bee is almost dead.
The killer bee stings you.
* * * LOW HITPOINT WARNING * * *
The killer bee completely misses you.
You slash the killer bee!
You kill the killer bee!
The killer bee becomes distracted by the nearby gold, dreaming of imaginary riches.
You closely miss the killer bee.
The killer bee is no longer distracted by gold.
The killer bee buzzes angrily.
Your bite misses the killer bee.
The killer bee is severely wounded.
The killer bee closely misses you.
You barely miss the killer bee.
The killer bee is severely wounded.
The killer bee stings you.
You die...
Your body crumbles into a pile of gold.

###+## $ $ #....+
#....# #....# ∆
#######....#
#.....#@..#
#....oy$..#
######....T###+#.
#.................
#....(.(..........
#.....#(###.......
#...).#...#.......
#.....#$..#.......
#.....#T..#.....##


You could see a troll, an orc warrior and a killer bee.

Vanquished Creatures
  A hornet (D:7)
  A water moccasin (D:6)
  An ice beast (D:7)
  2 phantoms
  An ogre (D:5)
  4 centaurs
  4 bullfrogs
  4 killer bees (D:9)
  A howler monkey (D:6)
  4 crimson imps
  A jelly (D:6)
  2 hounds
  A gnoll shaman (D:5)
  3 orc wizards
  2 bullfrog skeletons
  2 iguanas
  5 worker ants
  8 gnolls
  A howler monkey skeleton (D:7)
  7 adders
  2 shadow imps
  An ooze (D:2)
  2 adder zombies
  2 adder skeletons
  4 worms
  A dart slug (D:5)
  2 leopard geckos
  4 orcs
  2 ball pythons
  5 giant cockroaches
  4 goblins
  5 hobgoblins
  3 jackals (D:5)
  4 quokkas
  5 bats
  6 frilled lizards
  6 kobolds
  A quokka skeleton (D:5)
  6 rats
120 creatures vanquished.

Notes
Turn   | Place    | Note
-------+----------+-------------------------------------------
     0 | D:1      | MrRokkomies the Gnoll Wanderer began the quest for the Orb.
     0 | D:1      | MrRokkomies set off with the following items: a +2 dagger,
                  | 4 curare-tipped darts, a +0 hand crossbow, 24 bolts, a +0
                  | robe, a ration; and the following spell memorised: Animate
                  | Skeleton; and the following spells available to memorise:
                  | Vampiric Draining
     0 | D:1      | Reached XP level 1. HP: 20/20 MP: 4/4
   372 | D:1      | Reached XP level 2. HP: 19/26 MP: 5/5
  1001 | D:2      | Found an iron altar of Okawaru.
  1007 | D:2      | Found a glowing silver altar of Zin.
  1007 | D:2      | Found a bloodstained altar of Trog.
  1231 | D:2      | Reached XP level 3. HP: 31/31 MP: 7/7
  1382 | D:2      | Found a faded altar of an unknown god.
  1388 | D:2      | Became a worshipper of Gozag Ym Sagoz the Greedy
  1835 | D:2      | Reached skill level 1 in Invocations
  2263 | D:3      | Reached skill level 1 in Short Blades
  2263 | D:3      | Reached skill level 1 in Long Blades
  2263 | D:3      | Reached skill level 1 in Axes
  2263 | D:3      | Reached skill level 1 in Maces & Flails
  2263 | D:3      | Reached skill level 1 in Polearms
  2263 | D:3      | Reached skill level 1 in Staves
  2263 | D:3      | Reached skill level 1 in Slings
  2263 | D:3      | Reached skill level 1 in Bows
  2263 | D:3      | Reached skill level 1 in Dodging
  2263 | D:3      | Reached skill level 1 in Stealth
  2263 | D:3      | Reached skill level 1 in Shields
  2263 | D:3      | Reached skill level 1 in Unarmed Combat
  2297 | D:3      | Reached XP level 4. HP: 28/38 MP: 8/8
  3048 | D:4      | Reached skill level 1 in Conjurations
  3048 | D:4      | Reached skill level 1 in Hexes
  3048 | D:4      | Reached skill level 1 in Charms
  3048 | D:4      | Reached skill level 1 in Summonings
  3048 | D:4      | Reached skill level 1 in Necromancy
  3048 | D:4      | Reached skill level 1 in Translocations
  3048 | D:4      | Reached skill level 1 in Transmutations
  3048 | D:4      | Reached skill level 1 in Ice Magic
  3048 | D:4      | Reached skill level 1 in Air Magic
  3048 | D:4      | Reached skill level 1 in Poison Magic
  3115 | D:4      | Found a hazy altar of Hepliaklqana.
  3266 | D:4      | Reached XP level 5. HP: 40/43 MP: 9/9
  3623 | D:5      | Entered Level 5 of the Dungeon
  3685 | D:5      | Reached XP level 6. HP: 47/50 MP: 10/10
  3709 | D:5      | Reached skill level 5 in Fighting
  3709 | D:5      | Reached skill level 5 in Armour
  3720 | D:5      | Reached XP level 7. HP: 29/56 MP: 12/12
  4039 | D:5      | Found a snail-covered altar of Cheibriados.
  4052 | D:5      | Found a runed translucent gate.
  4052 | D:5      | Found a runed translucent gate.
  4052 | D:5      | Found an opulent altar of Gozag.
  4053 | D:5      | Found a runed translucent gate.
  4054 | D:5      | Noticed ViolentOr's ghost (novice HaAs)
  4487 | D:6      | Reached XP level 8. HP: 45/63 MP: 14/14
  4814 | D:6      | Found Wuhaovea's Gadget Emporium.
  5236 | D:6      | Found Vonk's Food Emporium.
  5267 | D:6      | Found Jogroc's Jewellery Boutique.
  5341 | D:6      | Found Hakhleul's Jewellery Shop.
  5378 | D:6      | Found a staircase to the Ecumenical Temple.
  5482 | D:6      | Learned a level 3 spell: Vampiric Draining
  5652 | D:7      | Found a hazy altar of Hepliaklqana.
  5926 | D:7      | Reached XP level 9. HP: 35/69 MP: 16/16
  6100 | D:7      | Noticed a hornet
  6104 | D:7      | Killed a hornet
  6192 | D:7      | You fall into a shaft and drop 2 floors!
  6211 | D:9      | Noticed a troll
  6212 | D:9      | Reached skill level 5 in Spellcasting
  6247 | D:9      | HP: 5/103 [killer bee (1)]
  6253 | D:9      | HP: 5/103 [killer bee (1)]
  6256 | D:9      | Slain by a killer bee

Levels and vault maps discovered:
D:1:      mrwooster_arrival_statue_2, layout_loops_cross
D:2:      layout_loops_ring, gammafunk_temple_overflow_forgotten,
          chequers_ecumenical_altar_simple
D:3:      layout_basic, st_stairs_7
D:4:      layout_loops_ring, lemuel_doored_altar, first_ration,
          minmay_misc_feat_doors
D:5:      layout_rooms, kennysheep_slug_shrine, ebering_ghost_gozag
D:6:      layout_basic, minmay_temple_entry_glass, serial_shops,
          nicolae_shop_behind_doors, shop, shop_statue, kennysheep_mini
D:7:      layout_loops_ring, basic_altar, grunt_ogre_cave, moated_statue
D:8:      layout_rooms, marbit_many_paths, lemuel_coloured_pillars_altar,
          grunt_dithmenos_smoke
D:9:      layout_gridville

Skill      XL: |  1  2  3  4  5  6  7  8  9 |
---------------+----------------------------+-----
Fire Magic     | 2 3 4 |  4.0
Earth Magic    | 2 3 4 |  4.0
Invocations    | 1 2 3 4 |  4.5
Short Blades   | 1 2 3 4 |  4.1
Long Blades    | 1 2 3 4 |  4.1
Axes           | 1 2 3 4 |  4.1
Maces & Flails | 1 2 3 4 |  4.1
Polearms       | 1 2 3 4 |  4.1
Staves         | 1 2 3 4 |  4.1
Slings         | 1 2 3 4 |  4.1
Bows           | 1 2 3 4 |  4.1
Dodging        | 1 2 3 4 |  4.1
Stealth        | 1 2 3 4 |  4.1
Shields        | 1 2 3 4 |  4.1
Unarmed Combat | 1 2 3 4 |  4.1
Spellcasting   | 3 4 5 |  5.0
Conjurations   | 1 2 3 |  3.3
Hexes          | 1 2 3 |  3.3
Charms         | 1 2 3 |  3.3
Summonings     | 1 2 3 |  3.3
Necromancy     | 1 2 3 |  3.3
Translocations | 1 2 3 |  3.3
Transmutations | 1 2 3 |  3.3
Ice Magic      | 1 2 3 |  3.3
Air Magic      | 1 2 3 |  3.3
Poison Magic   | 1 2 3 |  3.3
Crossbows      | 3 4 |  4.9
Throwing       | 3 4 |  4.9
Evocations     | 3 4 |  4.9
Fighting       | 5 6 |  6.2
Armour         | 5 6 |  6.2

Action                   |  1- 3 |  4- 6 |  7- 9 || total
-------------------------+-------+-------+-------++-------
Melee: Dagger            |   128 |    16 |       ||   144
       Bite              |    10 |    12 |    36 ||    58
       Quarterstaff      |       |    89 |   108 ||   197
       Spear             |       |       |    75 ||    75
       Lajatang          |       |       |    81 ||    81
 Fire: Hand crossbow     |     5 |       |     2 ||     7
Throw: Dart              |     2 |     8 |    19 ||    29
Invok: Potion Petition   |       |       |     1 ||     1
 Abil: Evoke Berserk Rag |       |       |     2 ||     2
  Use: Scroll            |     2 |     5 |     3 ||    10
       Potion            |       |     2 |     3 ||     5
 Stab: Sleeping          |     5 |       |     1 ||     6
       Distracted        |       |       |     2 ||     2
       Invisible         |       |       |     1 ||     1
  Eat: Chunk             |     1 |       |       ||     1
       Ration            |     1 |     1 |     3 ||     5
Armor: Robe              |    14 |       |       ||    14
       Scale mail        |       |    47 |   115 ||   162
Dodge: Dodged            |    62 |    73 |   231 ||   366

Table legend:
 A = Non-vault XP
 B = Vault XP
 C = Vault XP percentage of total XP
 D = Non-vault monster count
 E = Vault monster count
 F = Vault count percentage of total count
                 A         B        C        D         E       F
            +---------+---------+-------+---------+---------+-------
      Total |    3205 |       7 |   0.2 |     118 |       2 |   1.7
            +---------+---------+-------+---------+---------+-------
        D:1 |      20 |       0 |   0.0 |      14 |       0 |   0.0
        D:2 |      52 |       0 |   0.0 |      18 |       0 |   0.0
        D:3 |      38 |       3 |   7.3 |      12 |       1 |   7.7
        D:4 |      99 |       0 |   0.0 |       8 |       0 |   0.0
        D:5 |     900 |       4 |   0.4 |      29 |       1 |   3.3
        D:6 |     725 |       0 |   0.0 |      18 |       0 |   0.0
        D:7 |    1048 |       0 |   0.0 |      13 |       0 |   0.0
        D:9 |     323 |       0 |   0.0 |       6 |       0 |   0.0
            +---------+---------+-------+---------+---------+-------
